 Dungeon Crawl Stone Soup version 0.28.0-45-g0d030f2227 (webtiles) character file.

Game seed: 1004389786367125066

184 Peloso the Covered (level 5, -2/46 HPs)
             Began as a Minotaur Fighter on Apr 9, 2022.
             Slain by a gnoll
             ... wielding a +0 halberd
              (10 damage)
             ... on level 3 of the Dungeon.
             The game lasted 00:03:28 (2535 turns).

Peloso the Covered (Minotaur Fighter)               Turns: 2535, Time: 00:03:29

Health: -2/46      AC:  8    Str: 22    XL:     5   Next: 36%
Magic:  4/4        EV: 10    Int:  5    God:
Gold:   88         SH:  4    Dex: 10    Spells: 4/4 levels left

rFire   . . .      SeeInvis .   a - +0 long sword
rCold   . . .      Faith    .   c - +0 buckler
rNeg    . . .      Spirit   .   b - +0 scale mail
rPois   .          Reflect  .   (helmet restricted)
rElec   .          Harm     .   (no cloak)
rCorr   .          Rampage  .   (no gloves)
Will    .....                   e - +0 pair of boots
Stlth   ..........              (no amulet)
HPRegen 0.15/turn               (no ring)
MPRegen 0.09/turn               (no ring)

@: no status effects
A: horns 2, retaliatory headbutt
a: no special abilities


You were on level 3 of the Dungeon.
You visited 1 branch of the dungeon, and saw 3 of its levels.

You collected 88 gold pieces.

Inventory:

Hand Weapons
 a - a +0 long sword (weapon)
Armour
 b - a +0 scale mail (worn)
 c - a +0 buckler (worn)
 e - a +0 pair of boots (worn)
Jewellery
 r - a +6 ring of dexterity
Scrolls
 f - 3 scrolls of enchant armour {unknown}
 h - 2 scrolls of teleportation {unknown}
 i - a scroll of identify {unknown}
 j - a scroll of magic mapping {unknown}
 l - a scroll of enchant weapon {unknown}
 n - a scroll of fear {unknown}
 o - a scroll of amnesia {unknown}
 p - a scroll of torment {unknown}
Potions
 d - 2 potions of might
 g - 2 potions of lignification {unknown}
 k - a potion of curing {unknown}
 m - a potion of invisibility {unknown}
 q - a potion of attraction {unknown}


   Skills:
 + Level 4.1 Fighting
 + Level 4.4 Long Blades
 + Level 5.1 Armour
 + Level 1.6 Dodging
 + Level 0.1 Stealth
 + Level 4.1 Shields


You had 4 spell levels left.
You didn't know any spells.
Your spell library contained the following spells:

 Spells                   Type           Power      Damage    Failure   Level
 Corpse Rot               Necr/Air       0%         N/A       95%         2
 Poisonous Vapours        Pois/Air       0%         N/A       95%         2


Dungeon Overview and Level Annotations

Branches:
Dungeon (3/15)

Altars:

Shops:
D:1 *


Innate Abilities, Weirdness & Mutations

You have a pair of horns on your head.
You reflexively headbutt those who attack you in melee.


Message History

There is an open door here.
The gnoll closely misses you.
There is an escape hatch in the floor here.
There is a stone staircase leading up here.
The gnoll misses you.
You climb upwards.
There is a stone staircase leading down here.
You start resting.
HP restored.
You climb downwards.
You block the gnoll's attack.
There is a stone staircase leading up here.
The gnoll hits you with a +0 halberd.
The gnoll hits you from afar with a +0 halberd.
There is an escape hatch in the floor here.
You hit the gnoll but do no damage. The gnoll hits you but does no damage.
The gnoll hits you from afar with a +0 halberd.
You hit the gnoll.
The gnoll is moderately wounded.
The gnoll hits you with a +0 halberd! The gnoll barely misses you.
You block the gnoll's attack.
You slash the gnoll!
The gnoll is severely wounded.
The gnoll barely misses you. The gnoll hits you with a +0 halberd!
The gnoll hits you from afar with a +0 halberd!
You closely miss the gnoll.
The gnoll is severely wounded.
The gnoll hits you with a +0 halberd.
* * * LOW HITPOINT WARNING * * *
The gnoll hits you from afar with a +0 halberd.
* * * LOW HITPOINT WARNING * * *
You closely miss the gnoll. You headbutt the gnoll.
You kill the gnoll!
You block the gnoll's attack. You block the gnoll's attack.
You see here a +0 halberd.
The gnoll closely misses you.
There is an escape hatch in the floor, spattered with blood here.
There is a stone staircase leading up here.
The gnoll hits you from afar with a +0 halberd!
You die...

.......##........#######
.......+................
.......##.#...##.##
......###.##.##.#.##
.....## #[###..###.#
#...#####.###.#.#.##
##'#.g.....##.##.##
...#.####..##.##.#
.....# #.....g>@#
###..#####.##.####
#.....##.##.#
###..##.##.##.#
.....##†##.##.#
##.#..††...##.#
######.......# #########


You could see a gnoll.

Vanquished Creatures
  Natasha (thrice) (D:2)
  3 gnolls (D:3)
  An adder (D:2)
  3 worms (D:2)
  3 ball pythons (D:1)
  5 endoplasms
  3 giant cockroaches (D:1)
  5 hobgoblins
  5 jackals
  6 kobolds
  6 quokkas
  6 bats
  2 frilled lizards (D:1)
  6 goblins
  5 rats
62 creatures vanquished.

Notes
Turn   | Place    | Note
-------+----------+-------------------------------------------
     0 | D:1      | Peloso the Minotaur Fighter began the quest for the Orb.
     0 | D:1      | Reached XP level 1. HP: 19/19 MP: 0/0
   176 | D:1      | Reached XP level 2. HP: 23/27 MP: 1/1
   258 | D:1      | Reached skill level 4 in Armour
   387 | D:1      | Found a faded altar of an unknown god.
   648 | D:1      | Found Qiugaq's Assorted Antiques.
   670 | D:1      | Reached XP level 3. HP: 33/33 MP: 2/2
  1462 | D:2      | Reached XP level 4. HP: 38/40 MP: 3/3
  1617 | D:2      | Noticed Natasha
  1621 | D:2      | Killed Natasha
  1622 | D:2      | Reached skill level 5 in Armour
  1688 | D:2      | Noticed Natasha
  1691 | D:2      | Killed Natasha
  1901 | D:2      | Noticed Natasha
  1912 | D:2      | Killed Natasha
  1913 | D:2      | Reached XP level 5. HP: 18/46 MP: 4/4
  2248 | D:3      | Reached skill level 1 in Dodging
  2535 | D:3      | Slain by a gnoll

Illustrated notes

Levels and vault maps discovered:
D:1:      minmay_arrival_jagged, layout_basic, ebering_ecumenical_altar_hall,
          serial_shops, shop
D:2:      layout_rooms, uniq_natasha
D:3:      layout_loops_corners, grunt_temple_overflow_diamond

Skill      XL: |  1  2  3  4  5 |
---------------+----------------+-----
Armour         | 4 5 |  5.1
Shields        | 4 |  4.1
Fighting       | 4 |  4.1
Long Blades    | 3 4 |  4.4
Dodging        | 1 |  1.6
Stealth        | |  0.1

Action                   |  1- 3 |  4- 6 || total
-------------------------+-------+-------++-------
Melee: Long sword        |    92 |    39 ||   131
       Headbutt          |    10 |     6 ||    16
Armor: Scale mail        |    51 |    18 ||    69
Dodge: Dodged            |    44 |    31 ||    75
Block: Buckler           |    14 |     7 ||    21
